AoeStats
← 一剑扫秋风nelson

Black Forest

505403668Analyzed
4v4 RM · 23d ago on Sep 9, 2026· 58m 9s· 8 players
Game mode
Random Map
Map size
Large (8 player)
Population
200
Speed
Normal
Resources
Standard
Victory
Conquest
Starting age
Dark Age
Ending age
Imperial Age
RankedLock teamsTeams togetherTeam positionsShared explorationLock speedFull tech treeHidden civsTurbo modeCheats
Victory
Defeat
🇨🇳 Mapuche · China
1891
+5
🇧🇷 Hindustanis · Brazil
1678
+11
🇨🇳 Gurjaras · China
1615
+12
1613
+13
🇩🇪 Mongols · Germany
1647
-13
1594
-11
🇹🇼 Khmer · Taiwan
1549
-10
🇩🇪 Inca · Germany
1474
-7
一剑扫秋风nelson
4:54 Loom
10:54 Feudal Age
11:49 Double-Bit Axe
12:10 Horse Collar
11:57 Champi Runner
18:36 Castle Age
17:47 Gold Mining
19:24 Heavy Plow
20:38 Bow Saw
28:02 Wheelbarrow
27:13 Town Watch
31:31 Imperial Age
29:36 Scale Mail Armor
29:46 Forging
29:09 Pikeman
31:04 Malon
31:23 Fletching
32:27 Ballistics
32:03 Bodkin Arrow
32:11 Padded Archer Armor
33:22 Chemistry
32:55 Elite Bolas Rider
34:21 Leather Archer Armor
35:03 Conscription
35:42 Gold Shaft Mining
37:09 Ring Archer Armor
38:22 Butalmapu
39:04 Chain Mail Armor
40:09 Crop Rotation
39:05 Halberdier
41:05 Hand Cart
41:14 Siege Engineers
41:20 Masonry
41:56 Plate Mail Armor
42:01 Iron Casting
42:46 Iron Casting
41:58 Elite Kona
47:15 Blast Furnace
46:32 Caravan
49:55 Coinage
51:23 Hoardings
51:23 Architecture
52:54 Banking
56:33 Town Patrol
55:56 Elite Skirmisher
56:27 Stone Mining
Croccia
4:06 Loom
12:01 Feudal Age
15:57 Castle Age
13:55 Double-Bit Axe
14:40 Horse Collar
17:00 Bow Saw
16:54 Heavy Plow
21:19 Wheelbarrow
24:57 Gold Mining
25:38 Hand Cart
28:13 Imperial Age
27:09 Gold Shaft Mining
28:44 Scale Barding Armor
30:12 Chemistry
30:13 Chain Barding Armor
30:04 Forging
29:55 Husbandry
29:16 Heavy Camel Rider
30:07 Bloodlines
32:40 Plate Barding Armor
32:41 Iron Casting
32:26 Caravan
31:49 Imperial Camel Rider
35:05 Conscription
37:15 Blast Furnace
41:05 Town Watch
50:16 Siege Engineers
3∅∰©Ψ H̵͎̄ẽ̵̝ ̵
11:05 Feudal Age
14:40 Castle Age
13:21 Double-Bit Axe
13:18 Horse Collar
19:06 Wheelbarrow
20:52 Bow Saw
21:35 Heavy Plow
22:06 Gold Mining
22:30 Stone Mining
23:48 Hand Cart
24:42 Gold Shaft Mining
26:01 Stone Shaft Mining
30:40 Imperial Age
28:19 Scale Barding Armor
28:25 Forging
28:01 Loom
28:28 Husbandry
29:29 Bloodlines
29:49 Chain Barding Armor
29:45 Caravan
30:28 Iron Casting
32:26 Plate Barding Armor
32:38 Heavy Camel Rider
33:59 Maghrebi Camels
35:31 Blast Furnace
35:15 Conscription
36:06 Chemistry
35:25 Masonry
35:51 Crop Rotation
36:10 Town Watch
40:14 Kasbah
40:50 Hoardings
40:07 Treadmill Crane
40:34 Siege Engineers
40:20 Fletching
41:49 Bodkin Arrow
42:15 Ballistics
44:19 Padded Archer Armor
44:20 Bracer
46:03 Leather Archer Armor
45:56 Thumb Ring
46:54 Elite Camel Archer
50:21 Ring Archer Armor
51:18 Light Cavalry
52:20 Hussar
54:10 Town Patrol
56:36 Guilds
56:40 Capped Ram
tim.13
1:16 Loom
11:36 Feudal Age
17:22 Castle Age
15:35 Double-Bit Axe
16:18 Gold Mining
19:13 Wheelbarrow
19:14 Gold Shaft Mining
22:01 Sanctity
31:05 Stone Mining
33:25 Stone Shaft Mining
35:52 Caravan
39:28 Imperial Age
36:55 Horse Collar
37:28 Bow Saw
39:13 Forging
39:14 Scale Mail Armor
40:03 Heavy Plow
40:09 Elite Chakram Thrower
40:56 Kshatriyas
41:12 Conscription
42:16 Iron Casting
41:56 Chain Mail Armor
47:20 Iron Casting
47:01 Chain Mail Armor
56:08 Hand Cart
55:39 Town Watch
hermelin*?
0:37 Loom
12:17 Feudal Age
14:43 Fletching
20:18 Castle Age
18:39 Double-Bit Axe
19:29 Horse Collar
20:10 Gold Mining
21:38 Stone Mining
26:08 Wheelbarrow
28:09 Bow Saw
30:39 Town Watch
31:09 Hand Cart
33:59 Imperial Age
31:41 Forging
31:31 Scale Mail Armor
32:13 Heavy Plow
34:20 Chain Mail Armor
34:40 Iron Casting
33:26 Champi Runner
34:07 Squires
37:09 Plate Mail Armor
38:24 Blast Furnace
36:46 Champi Warrior
39:58 Elite Champi Warrior
40:08 Elite Champi Warrior
40:48 Bodkin Arrow
41:48 Fabric Shields
44:17 Conscription
44:19 Bracer
46:56 Chemistry
46:07 Masonry
46:53 Hoardings
56:23 Coinage
57:41 Caravan
鼠條
12:25 Feudal Age
15:17 Castle Age
13:06 Double-Bit Axe
13:02 Horse Collar
16:49 Wheelbarrow
21:51 Bow Saw
22:40 Hand Cart
23:08 Gold Mining
23:12 Stone Mining
23:25 Heavy Plow
24:37 Town Watch
25:31 Gold Shaft Mining
25:32 Stone Shaft Mining
25:16 Loom
26:17 Scale Barding Armor
26:22 Forging
29:29 Imperial Age
27:06 Loom
27:33 Bloodlines
27:31 Husbandry
28:08 Chain Barding Armor
30:30 Iron Casting
30:09 Cavalier
31:38 Crop Rotation
31:53 Conscription
32:49 Plate Barding Armor
33:14 Blast Furnace
35:18 Light Cavalry
36:26 Elite Ballista Elephant
37:07 Padded Archer Armor
38:48 Coinage
38:21 Caravan
39:09 Hussar
46:11 Leather Archer Armor
47:28 Ring Archer Armor
daumasson
9:47 Feudal Age
13:33 Castle Age
11:35 Horse Collar
11:43 Double-Bit Axe
11:41 Horse Collar
16:00 Bow Saw
21:15 Wheelbarrow
21:32 Loom
21:33 Town Watch
22:17 Forging
24:37 Husbandry
26:47 Hand Cart
27:27 Iron Casting
26:43 Fletching
26:29 Light Cavalry
27:20 Gold Mining
27:21 Stone Mining
31:28 Imperial Age
29:14 Bloodlines
29:33 Bodkin Arrow
29:39 Padded Archer Armor
30:00 Ballistics
31:45 Leather Archer Armor
32:23 Bracer
33:24 Chemistry
32:47 Conscription
31:54 Capped Ram
34:13 Gold Shaft Mining
33:11 Elite Mangudai
33:16 Siege Ram
35:21 Drill
36:40 Parthian Tactics
36:26 Thumb Ring
38:25 Murder Holes
40:10 Caravan
43:41 Onager
45:12 Siege Onager
49:57 Heavy Scorpion
Ginger lee fondle your meatballs
1:02 Loom
11:01 Feudal Age
21:53 Castle Age
19:51 Double-Bit Axe
19:59 Man-at-Arms
22:16 Horse Collar
31:30 Pikeman
32:42 Bow Saw
34:05 Chemistry
34:17 Fervor
34:27 Sanctity
34:34 Heavy Plow
34:44 Squires
35:33 Scale Mail Armor
35:44 Forging
36:42 Wheelbarrow
35:53 Town Watch
37:09 Chain Mail Armor
41:08 Imperial Age
41:16 Imperial Age
40:21 Iron Casting
41:05 Padded Archer Armor
40:56 Fletching
41:30 Ballistics
40:51 Treadmill Crane
41:21 Masonry
41:39 Caravan
41:42 Halberdier
43:50 Plate Mail Armor
47:21 Bombard Tower
47:07 Siege Engineers
47:13 Masonry
48:02 Bodkin Arrow
49:09 Blast Furnace
49:52 Conscription
53:01 Houfnice
55:00 Wagenburg Tactics
Connection lost

Rejoining the realm…

Still unreachable

The connection could not be restored.

Session expired

The server has moved on; the page needs a fresh start.